 Dungeon Crawl Stone Soup version 0.29.1-4-g47bece8355 (webtiles) character file.

Game seed: 8253930207629347283

225 CungeonDrawl the Magician (level 6, -6/43 HPs)
             Began as a Djinni Conjurer on Dec 5, 2022.
             Shot with an arrow by a centaur (11 damage)
             ... on level 4 of the Dungeon.
             The game lasted 00:12:03 (4092 turns).

CungeonDrawl the Magician (Djinni Conjurer)         Turns: 4092, Time: 00:12:03

Health: -6/43      AC:  4    Str:  6    XL:     6   Next: 21%
Gold:   225        EV: 12    Int: 21    God:
                   SH:  0    Dex: 12

rFire   + + .      SeeInvis .   (no weapon)
rCold   x . .      Faith    .   (no shield)
rNeg    . . .      Spirit   .   a - +0 robe
rPois   ∞          Reflect  .   n - +1 hat
rElec   .          Harm     .   (no cloak)
rCorr   .          Rampage  .   g - +0 pair of gloves
Will    .....                   (boots unavailable)
Stlth   ++........              (no amulet)
HPRegen 0.14/turn               (no ring)
MPRegen 0.00/turn               (no ring)

@: flying
A: sickness immunity, fire resistance 2, cold vulnerability 1, float, innate
caster, HP casting, extra vitality 1
a: no special abilities


You were on level 4 of the Dungeon.
You visited 1 branch of the dungeon, and saw 4 of its levels.

You collected 225 gold pieces.

Inventory:

Armour
 a - a +0 robe (worn)
 g - a +0 pair of gloves (worn)
 n - a +1 hat (worn)
Scrolls
 b - a scroll of magic mapping {unknown}
 d - a scroll of butterflies
 f - 2 scrolls of teleportation {unknown}
 h - a scroll of fear {unknown}
 j - 4 scrolls of identify
 l - a scroll of poison {unknown}
 m - a scroll of brand weapon {unknown}
 o - a scroll of summoning {unknown}
 q - a scroll of silence {unknown}
Potions
 c - a potion of degeneration {unknown}
 e - 3 potions of curing
 i - 2 potions of magic
 k - a potion of mutation {unknown}
 p - a potion of heal wounds {unknown}


   Skills:
 * Level 2.2 Fighting
 - Level 2.4 Dodging
 - Level 1.8 Stealth
 - Level 5.0 Spellcasting


You couldn't memorise any spells.
You knew the following spells:

 Your Spells              Type           Power      Damage    Failure   Level
a - Magic Dart            Conj           100%       1d8       1%          1
b - Searing Ray           Conj           52%        2d6       1%          2
c - Dazzling Flash        Conj/Hex       52%        N/A       4%          3
d - Fulminant Prism       Conj/Hex       13%        3d9       14%         4
e - Iskenderun's Mystic   Conj/Tloc      26%        2d7       14%         4
f - Shock                 Conj/Air       100%       1d9       1%          1
g - Poisonous Vapours     Pois/Air       52%        N/A       1%          2
Your spell library was empty.

Dungeon Overview and Level Annotations

Branches:
Dungeon (4/15)
 Temple: D:4-7

Altars:
Hepliaklqana
Qazlal
Xom

Annotations:
D:3 3 runed translucent doors, duchin's ghost, amateur KoBe
D:4 Eustachio


Innate Abilities, Weirdness & Mutations

You are immune to sickness and miasma.
You are immune to poison.
Your flesh is very heat resistant. (rF++)
You are vulnerable to cold. (rC-)
You float through the air rather than walking.
You learn spells naturally, not from books.
Your magical power is your life essence.
You have superior vitality. (+4 MHP)


Message History

Press: ? - help, Shift-Dir - straight line, f/p - centaur
Aim: a centaur, wielding a +0 shortbow (lightly wounded, 100% to hit)
The magic dart hits the centaur!
The centaur is heavily wounded.
The centaur shoots an arrow.
The arrow hits you!
An endoplasm comes into view.
The endoplasm quivers.
The centaur shoots an arrow.
The arrow barely misses you.
The centaur shoots an arrow.
The arrow hits you.
A goblin comes into view. It is wielding a +0 club.
Your magical contamination has completely faded away.
As you read the scroll of butterflies, it crumbles to dust.
You hear the tinkle of a tiny bell.
The centaur unwields a +0 shortbow.
The centaur hits your butterfly.
Your butterfly dies!
Your butterfly disappears in a burst of colours!
The centaur wields a +0 shortbow.
The centaur shoots an arrow.
The arrow hits you!
* * * LOW HITPOINT WARNING * * *
The centaur shoots an arrow.
The arrow closely misses you.
The arrow closely misses your butterfly.
The goblin hits you with a +0 club.
* * * LOW HITPOINT WARNING * * *
Found a manual of Unarmed Combat.
The centaur unwields a +0 shortbow.
The centaur closely misses your butterfly.
The centaur kicks your butterfly.
Your butterfly dies!
Your butterfly disappears in a burst of colours!
The centaur shoots an arrow.
The arrow barely misses you.
The goblin unwields a +0 club.
The goblin wields a +0 sling.
The goblin shoots a sling bullet.
The sling bullet misses you.
The centaur wields a +0 shortbow.
The centaur shoots an arrow.
The arrow barely misses you.
The centaur shoots an arrow.
The arrow closely misses you.
The goblin unwields a +0 sling.
The goblin wields a +0 club.
The goblin misses your butterfly.
The goblin unwields a +0 club.
The goblin wields a +0 sling.
The goblin shoots a sling bullet.
The sling bullet closely misses you.
The centaur shoots an arrow.
The arrow hits you!
You die...

#......J##..!# .
#......w.##b##..#
#....b.b.........
#....b....g#..#..
#.......cc.# #
#.......b..#..
#..b.......#..
#......bb..#..
#........@.#..+
###........#..#
#........#..############
#........#..............
##.......#..............
####.......###...###...
#....†..............
#...................
#......†............


You could see 2 centaurs, a dart slug and a goblin (ally target).

Vanquished Creatures
  2 hounds (D:4)
  2 iguanas
  4 adders
  A worm (D:3)
  4 dart slugs
  3 orcs (D:3)
  6 ball pythons
  6 bats
  8 endoplasms
  A giant cockroach (D:1)
  7 goblins
  4 hobgoblins
  3 kobolds
  A quokka (D:2)
  4 frilled lizards (D:1)
  9 rats
65 creatures vanquished.

Vanquished Creatures (others)
  3 fungi (D:1)
  A plant (D:2)
4 creatures vanquished.

Grand Total: 69 creatures vanquished

Notes
Turn   | Place    | Note
-------+----------+-------------------------------------------
     0 | D:1      | CungeonDrawl the Djinni Conjurer began the quest for the
                  | Orb.
     0 | D:1      | CungeonDrawl set off with the following spells memorised:
                  | Magic Dart, Searing Ray, Dazzling Flash, Fulminant Prism,
                  | Iskenderun's Mystic Blast.
     0 | D:1      | Reached XP level 1. HP: 15/15 MP: 0/0
   333 | D:1      | Reached XP level 2. HP: 19/21 MP: 0/0
   522 | D:1      | Found a faded altar of an unknown god.
  1108 | D:1      | Reached XP level 3. HP: 21/25 MP: 0/0
  1108 | D:1      | Learned a level 1 spell: Shock
  1482 | D:2      | Reached skill level 4 in Spellcasting
  2183 | D:2      | Reached XP level 4. HP: 30/31 MP: 0/0
  2693 | D:3      | Found a shimmering altar of Xom.
  2716 | D:3      | Found a hazy altar of Hepliaklqana.
  2717 | D:3      | Noticed a spectral ugly thing
  2938 | D:3      | Found a runed translucent gate.
  2939 | D:3      | Found a runed translucent gate.
  2939 | D:3      | Noticed duchin's ghost (amateur KoBe)
  2941 | D:3      | Found a runed translucent gate.
  2941 | D:3      | Identified the +1 scale mail of Bataphua {Rampage rC++
                  | Will++ Str-4}
  3291 | D:3      | Reached XP level 5. HP: 29/35 MP: 0/0
  3291 | D:3      | Learned a level 2 spell: Poisonous Vapours
  3437 | D:4      | Noticed a phantom
  3667 | D:4      | Noticed Eustachio
  3673 | D:4      | Found a stormy altar of Qazlal.
  3690 | D:4      | Reached skill level 5 in Spellcasting
  3980 | D:4      | Reached skill level 1 in Fighting
  3980 | D:4      | Reached XP level 6. HP: 37/42 MP: 0/0
  4092 | D:4      | Shot with an arrow by a centaur

Illustrated notes

Levels and vault maps discovered:
D:1:      erik_arrival_triangle_medium, layout_basic,
          shapermc_ecumenical_altar_mp_ritualfount, serial_corexii_hall,
          corexii_hall_statues_i, chequers_hall_statues_wall_a,
          nrook_mini_vaults, minmay_hexomino_c4
D:2:      layout_basic, serial_forest, infiniplex_forest_end_double,
          infiniplex_forest_clump_small, infiniplex_forest_lined_1,
          infiniplex_forest_corner_1, infiniplex_forest_straight_2,
          infiniplex_forest_clump_small
D:3:      layout_loops_ring, regret_index_temple_of_mockery,
          biasface_ghost_orc_armoury
D:4:      layout_basic, nicolae_overflow_two_pavilions, kennysheep_mini_moat,
          mainiacjoe_overflow_six_doors_small, minmay_manual_mares,
          uniq_eustachio

Skill      XL: |  1  2  3  4  5  6 |
---------------+-------------------+-----
Spellcasting   | 4 5 |  5.0
Fighting       | 1 2 |  2.2
Dodging        | |  2.4
Stealth        | |  1.8

Action                   |  1- 3 |  4- 6 || total
-------------------------+-------+-------++-------
 Cast: Magic Dart        |    66 |    85 ||   151
  Use: Scroll            |       |     4 ||     4
Armor: Robe              |       |     1 ||     1
Dodge: Dodged            |     3 |    19 ||    22
